 Dungeon Crawl Stone Soup version 0.31-a0-1101-g9ad1905e61 (webtiles) character file.

Game seed: 9085118294909306348

4575 Dirtsage the Stinger (level 10, -1/68 HPs)
             Began as an Octopode Shapeshifter on Dec 1, 2023.
             Was an Initiate of Vehumet.
             Shot with an arrow by a centaur warrior (20 damage)
             ... on level 8 of the Dungeon.
             The game lasted 00:26:36 (8752 turns).

Dirtsage the Stinger (Octopode Shapeshifter)        Turns: 8752, Time: 00:26:37

Health: -1/68      AC:  4    Str: 13    XL:     10   Next: 41%
Magic:  4/12       EV: 13    Int: 15    God:    Vehumet [......]
Gold:   499        SH:  0    Dex: 20    Spells: 5/12 levels left

rFire   + . .        l - +3 Elemental Staff {ele, rElec rF+ rC+ AC+3}
rCold   + + +        (no shield)
rNeg    . . .        (helmet currently unavailable)
rPois   .            (no amulet)
rElec   +            I - ring of protection from cold
rCorr   .            t - +4 ring of slaying
SInv    .            B - ring of protection from cold
Will    .....        F - +6 ring of dexterity
Stlth   +++          (no ring)
HPRegen 0.31/turn    (no ring)
MPRegen 0.13/turn    (no ring)
                     (no ring)

%: no passive effects
@: beast-form
A: beast (slay +3), almost no armour, amphibious, 8 rings, camouflage 1,
gelatinous body 1, (nimble swimmer 1), tentacles
a: Begin Untransformation, Renounce Religion


You were on level 8 of the Dungeon.
You worshipped Vehumet.
Vehumet was noncommittal.
You were a hulking beast.
You visited 2 branches of the dungeon, and saw 9 of its levels.
You also visited: Sewer and Ossuary.

You collected 499 gold pieces.

Inventory:

Hand Weapons
 l - the +3 Elemental Staff (weapon) {ele, rElec rF+ rC+ AC+3}
   (You acquired it on level 5 of the Dungeon)

   AC+3:      It affects your AC (+3).
   rF+:       It protects you from fire.
   rC+:       It protects you from cold.
   rElec:     It insulates you from electricity.
Missiles
 k - 4 curare-tipped darts
 K - a throwing net
Armour
 r - a +0 kite shield
Jewellery
 t - a +4 ring of slaying (right tentacle)
 B - a ring of protection from cold (on tentacle)
 F - a +6 ring of dexterity (on tentacle)
 I - a ring of protection from cold (left tentacle)
Talismans
 b - a beast talisman
 c - a flux talisman
Wands
 a - a wand of charming (7)
 H - a wand of polymorph (14)
Scrolls
 d - 4 scrolls of vulnerability
 f - a scroll of revelation
 g - 3 scrolls of fear
 i - a scroll of identify
 m - a scroll of enchant armour
 n - 3 scrolls of summoning
 p - 2 scrolls of noise
 s - 2 scrolls of immolation
 u - 2 scrolls of enchant weapon {unknown}
 y - a scroll of fog
 z - a scroll of silence {unknown}
 G - a scroll of poison {unknown}
 J - a scroll of brand weapon {unknown}
Potions
 e - a potion of ambrosia {unknown}
 h - 5 potions of haste
 j - a potion of mutation {unknown}
 o - 4 potions of resistance {unknown}
 q - 4 potions of curing
 v - 6 potions of enlightenment
 w - a potion of berserk rage {unknown}
 x - 2 potions of degeneration
 A - a potion of brilliance {unknown}
 C - 2 potions of heal wounds {unknown}
 D - 3 potions of invisibility {unknown}
 E - a potion of might {unknown}


   Skills:
 + Level 5.9 Fighting
 + Level 4.1 Staves
 - Level 2.0 Dodging
 - Level 5.0 Unarmed Combat
 + Level 1.5 Spellcasting
 + Level 4.4 Transmutations
 + Level 4.5 Fire Magic
 - Level 2.6 Ice Magic
 * Level 7.9 Poison Magic
 + Level 4.2 Evocations
 - Level 6.0 Shapeshifting


You had 5 spell levels left.
You knew the following spells:

 Your Spells              Type           Power      Damage    Failure   Level
a - Olgreb's Toxic Radia  Pois           25%        N/A       9%          4
b - Ignite Poison         Fire/Tmut/Pois 27%        N/A       7%          3

Your spell library contained the following spells:

 Spells                   Type           Power      Damage    Failure   Level
 Sting                    Tmut/Pois      76%        1d6       1%          1
 Poisonous Vapours        Pois/Air       38%        N/A       7%          2
 Freeze                   Ice            52%        1d6       8%          1
 Cigotuvi's Dreadful Rot  Necr/Pois/Air  26%        N/A       12%         2
 Frozen Ramparts          Ice            26%        1d4       24%         3
 Lesser Beckoning         Tloc           2%         N/A       34%         2
 Static Discharge         Conj/Air       2%         3-4/arc   34%         2
 Hailstorm                Conj/Ice       7%         3d4       38%         3
 Gell's Gravitas          Tloc           1%         N/A       56%         3
 Teleport Other           Tloc           1%         N/A       56%         3
 Airstrike                Air            0%         2d(1-17)  93%         4
 Summon Lightning Spire   Summ/Air       1%         N/A       93%         4
 Freezing Cloud           Conj/Ice/Air   4%         6-21      99%         5


Dungeon Overview and Level Annotations

Branches:
Dungeon (8/15)             Temple (1/1) D:7           Sewer (visited)
Ossuary (visited)
   Lair: D:8-11

Altars:
Ashenzari
Cheibriados
Dithmenos
Elyvilon
Gozag
Hepliaklqana
Kikubaaqudgha
Makhleb
Nemelex Xobeh
Okawaru
Qazlal
Ru
Sif Muna
Trog
Uskayaw
Vehumet
Wu Jian
Xom
Zin
The Shining One

Shops:
D:6 *

Annotations:
D:5 2 transporters, Wiebster667's ghost, novice TrFi
D:8 Maggie


Innate Abilities, Weirdness & Mutations

You are a hulking beast.
Your limbs bulge with bestial killing power. (Slay +3)
You cannot wear most types of armour.
You are amphibious.
You can wear up to eight rings at the same time.
Your skin changes colour to match your surroundings (Stealth+).
Your rubbery body absorbs attacks. (AC +1, EV +1)
((You are camouflaged when in or above water. (Stealth+)))
You have tentacles for arms and can constrict up to eight enemies at once.


Message History

You ignite the poison in your surroundings!
The orc warrior seems to burn from within!
The orc warrior is severely wounded.
The orc warrior is poisoned.
Your toxic aura wanes.
You now have 5/12 mp.
You sock the orc warrior!
You kill the orc warrior!
Vehumet accepts your kill.
A centaur warrior is nearby!
You regained 12 hp, and now have 56/68 hp.
You regained 5 mp, and now have 10/12 mp.
Casting: Ignite Poison (dangerous; 7% risk of failure)
Confirm with . or Enter, or press ? or * to list all spells.
You begin to radiate toxic energy.
The centaur warrior shouts!
The centaur warrior is poisoned.
The centaur warrior looks even sicker.
You now have 6/12 mp.
Your toxic aura wanes.
The centaur warrior shoots an arrow.
The arrow hits you!
The centaur warrior shoots an arrow.
The arrow misses you.
You take 11 damage, and have 45/68 hp.
Casting: Olgreb's Toxic Radiance (dangerous; 9% risk of failure)
Confirm with . or Enter, or press ? or * to list all spells.
You feel a surge of power!
You ignite the poison in your surroundings!
The centaur warrior seems to burn from within!!
The centaur warrior is heavily wounded.
The centaur warrior shoots an arrow.
The arrow completely misses you.
You now have 4/12 mp.
The centaur warrior shoots an arrow.
The arrow hits you!
The centaur warrior shoots an arrow.
The arrow barely misses you.
You take 14 damage, and have 32/68 hp.
MASSIVE DAMAGE!!
The centaur warrior shoots an arrow.
The arrow hits you!
There is a stone staircase leading up here.
You take 8 damage, and have 24/68 hp.
The centaur warrior shoots an arrow.
The arrow hits you.
* * * LOW HITPOINT WARNING * * *
The centaur warrior shoots an arrow.
The arrow hits you!!
You die...

#.....#............#
#.[...#............#
#.....##..##..###.####
###'####..#######....#
#......#...#....#...##
#......'...#....#...#
#...).##...#....#...#
#.....##...#....'...#
#....h.....'....#...#
#..)......###'###..###
#.....##>.##..# #.>..#
#.....######### ##....
#.....## #....
#...c..# #....
#......# #....
#.....## #..## #.....#
#..##


You could see a centaur warrior.

Vanquished Creatures
  2 hornets
  A slime creature (D:8)
  A shadow (D:8)
  A yak (D:7)
  A wyvern (D:7)
  3 steam dragons
  Menkaure (D:4)
  Edmund (D:4)
  Duvessa (D:4)
  2 water moccasins
  A black bear (D:4)
  3 orc warriors
  An ogre (D:4)
  2 centaurs
  2 phantoms (D:5)
  A kobold brigand (D:6)
  4 bullfrogs
  3 wights (D:6)
  Dowan (D:4)
  4 killer bees (D:8)
  A vampire bat (D:7)
  A jelly (D:8)
  2 hounds
  8 orc priests
  3 iguanas
  10 orc wizards
  A sleepcap (D:4)
  4 mummies (Ossuary)
  16 adders
  2 gnolls (D:5)
  8 river rats
  A shadow imp (D:6)
  A worm (D:6)
  2 dart slugs
  25 orcs
  18 bats
  7 endoplasms
  4 gnoll zombies (Ossuary)
  7 goblins
  12 hobgoblins
  9 jackals
  13 kobolds
  9 quokkas
  16 ball pythons
  3 frilled lizards
  5 giant cockroaches
  3 gnoll skeletons (Ossuary)
  7 goblin skeletons (Ossuary)
  5 goblin zombies (Ossuary)
  3 hobgoblin skeletons (Ossuary)
  6 hobgoblin zombies (Ossuary)
  3 kobold skeletons (Ossuary)
  3 kobold zombies (Ossuary)
  3 orc skeletons (Ossuary)
  4 orc zombies (Ossuary)
  15 rats
  6 rat skeletons (Ossuary)
  3 rat zombies (Ossuary)
285 creatures vanquished.

Vanquished Creatures (others)
  A gnoll (D:5)
1 creature vanquished.

Grand Total: 286 creatures vanquished

Notes
Turn   | Place    | Note
-------+----------+-------------------------------------------
     0 | D:1      | Dirtsage the Octopode Shapeshifter began the quest for the
                  | Orb.
     0 | D:1      | Reached XP level 1. HP: 13/13 MP: 1/1
     3 | D:1      | Noticed an electric eel
     4 | D:1      | Noticed an electric eel
   121 | D:1      | Reached XP level 2. HP: 15/18 MP: 2/2
   442 | D:1      | Reached XP level 3. HP: 19/23 MP: 3/3
  1028 | D:2      | Reached XP level 4. HP: 22/29 MP: 4/4
  1482 | D:3      | Found a faded altar of an unknown god.
  1703 | D:3      | Reached XP level 5. HP: 29/35 MP: 5/5
  2152 | D:4      | Noticed Edmund
  2163 | D:4      | Killed Edmund
  2164 | D:4      | Reached skill level 1 in Poison Magic
  2164 | D:4      | Reached XP level 6. HP: 41/41 MP: 6/6
  2195 | D:4      | Reached skill level 1 in Ice Magic
  2358 | D:4      | Reached skill level 2 in Poison Magic
  2575 | D:4      | Reached skill level 5 in Shapeshifting
  2578 | D:4      | Noticed Menkaure
  2597 | D:4      | Killed Menkaure
  2598 | D:4      | Reached XP level 7. HP: 33/46 MP: 7/7
  2661 | D:4      | Noticed Dowan
  2662 | D:4      | Noticed Duvessa
  2672 | D:4      | Killed Duvessa
  2701 | D:4      | Killed Dowan
  2702 | D:4      | Reached skill level 3 in Poison Magic
  2855 | D:4      | Reached XP level 8. HP: 45/54 MP: 8/8
  3145 | D:4      | Found a bloodstained altar of Trog.
  3145 | D:4      | Found a hazy altar of Hepliaklqana.
  3381 | D:4      | Learned a level 4 spell: Olgreb's Toxic Radiance
  3398 | D:5      | Entered Level 5 of the Dungeon
  3429 | D:5      | Identified a scroll of acquirement
  3521 | D:5      | Identified the +12 spear of Expedience {chaos, rN+ rCorr
                  | Str+5}
  3521 | D:5      | Identified the +0 kite shield of Vouf Nec {Dex+2}
  3629 | D:5      | Reached skill level 5 in Unarmed Combat
  3683 | D:5      | Reached skill level 4 in Poison Magic
  3701 | D:5      | Found a shimmering altar of Xom.
  3834 | D:5      | Reached skill level 1 in Transmutations
  3834 | D:5      | Reached skill level 1 in Fire Magic
  4089 | D:5      | Found a transporter.
  4092 | D:5      | Found a transporter.
  4098 | D:5      | Noticed Wiebster667's ghost (novice TrFi)
  4256 | D:5      | Acquired the +3 Elemental Staff {ele, rElec rF+ rC+ AC+3}
  4256 | D:5      | Found the +3 Elemental Staff {ele, rElec rF+ rC+ AC+3}
  4478 | D:6      | Found Jipaoppe's Elemental Accessories.
  4514 | D:6      | Reached skill level 1 in Staves
  4539 | D:6      | Found a sand-covered staircase.
  4548 | Ossuary  | Entered an ossuary
  4898 | Ossuary  | Reached skill level 1 in Evocations
  5056 | D:6      | Found a glowing drain.
  5066 | Sewer    | Entered a sewer
  5075 | Sewer    | Learned a level 3 spell: Ignite Poison
  5732 | D:6      | Reached skill level 5 in Poison Magic
  5732 | D:6      | Reached XP level 9. HP: 48/59 MP: 9/9
  6090 | D:6      | Found a white marble altar of Elyvilon.
  6650 | D:7      | Found an ornate altar of the Wu Jian Council.
  6686 | D:7      | Found a sacrificial altar of Ru.
  6738 | D:7      | Reached skill level 5 in Fighting
  6912 | D:7      | Reached skill level 6 in Poison Magic
  6938 | D:7      | Noticed a hornet
  6949 | D:7      | Killed a hornet
  7466 | D:7      | Found a staircase to the Ecumenical Temple.
  7472 | Temple   | Entered the Ecumenical Temple
  7491 | Temple   | Became a worshipper of Vehumet
  7744 | D:7      | Reached skill level 7 in Poison Magic
  7912 | D:8      | Reached XP level 10. HP: 66/66 MP: 10/10
  8099 | D:8      | Reached skill level 1 in Spellcasting
  8315 | D:8      | Noticed a centaur warrior
  8570 | D:8      | Noticed a gargoyle
  8572 | D:8      | Noticed Maggie
  8752 | D:8      | Shot with an arrow by a centaur warrior

Illustrated notes

Levels and vault maps discovered:
D:1:      arrival_aquarium_b, layout_basic
D:2:      layout_rooms
D:3:      layout_rooms, nicolae_ecumenical_oubliette, kennysheep_generic_room_14
D:4:      layout_loops_ring, gammafunk_temple_overflow_pools, uniq_edmund,
          uniq_menkaure, uniq_duvessa
D:5:      layout_loops_ring, lemuel_doored_altar, gammafunk_ghost_gnarly_gnolls,
          minmay_misc_feat_hallway, minmay_misc_feat_tower
D:6:      layout_cave_pods, elyvilon_altar_4,
          mainiacjoe_ossuary_entry_dusty_tomb, lightli_sewer_entry_pipes,
          nicolae_elemental_shop, minmay_gold_behind_fungi,
          small_statue_alley_b, kennysheep_generic_room_12
D:7:      layout_gridville, nicolae_wu_jian_glorious_leap, kennysheep_mini_moat,
          minmay_temple_entry_nine_rooms, roderic_batcave
D:8:      layout_gridville, fedhas_altar_4, minmay_manual_mess, uniq_maggie
Temple:   eino_temple_water

Skill      XL: |  1  2  3  4  5  6  7  8  9 10 |
---------------+-------------------------------+-----
Fighting       | 2 3 4 5 |  5.9
Shapeshifting  | 4 5 6 |  6.0
Unarmed Combat | 4 5 |  5.0
Poison Magic   | 1 2 3 5 7 |  7.9
Ice Magic      | 1 2 |  2.6
Transmutations | 2 3 4 |  4.4
Fire Magic     | 2 4 |  4.5
Staves         | 1 3 4 |  4.1
Evocations     | 1 3 4 |  4.2
Spellcasting   | 1 |  1.5
Dodging        | |  2.0

Action                     |  1- 3 |  4- 6 |  7- 9 | 10-12 || total
---------------------------+-------+-------+-------+-------++-------
  Melee: Unarmed           |    72 |   112 |    92 |       ||   276
         Constrict         |    21 |    30 |    78 |     3 ||   132
         Tentacles         |     8 |    21 |    70 |     3 ||   102
         Punch             |     2 |     3 |    17 |       ||    22
         Staff             |       |       |   225 |    26 ||   251
  Throw: Dart              |       |     2 |     1 |       ||     3
   Cast: Olgreb's Toxic Ra |       |       |     5 |     9 ||    14
         Ignite Poison     |       |       |     1 |     3 ||     4
  Evoke: Wand              |       |       |     2 |       ||     2
    Use: Potion            |       |       |     2 |     2 ||     4
         Scroll            |       |       |    11 |       ||    11
   Stab: Sleeping          |     6 |     8 |    20 |     2 ||    36
         Distracted        |       |     1 |       |       ||     1
 Armour: Skin              |    43 |    39 |   143 |    32 ||   257
  Dodge: Dodged            |    41 |    52 |   130 |    12 ||   235

Table legend: (Time is in decaauts)
 A = Elapsed time spent in this place.
 B = Non-inter-level travel time spent in this place.
 C = Inter-level travel time spent in this place.
 D = Time resting spent in this place.
 E = Time spent auto-exploring this place.
 F = Levels seen in this place.
 G = Mean time per level.
                   A        B        C        D        E       F      G
               +--------+--------+--------+--------+--------+-----+--------+
         Total |   8736 |   8478 |    258 |    509 |   6083 |  11 |  794.2 |
       Dungeon |   7682 |   7460 |    222 |    509 |   5455 |   8 |  960.2 |
        Temple |     38 |      2 |     36 |      0 |      0 |   1 |   38.0 |
         Sewer |    589 |    589 |      0 |      0 |    416 |   1 |  589.0 |
       Ossuary |    425 |    425 |      0 |      0 |    212 |   1 |  425.0 |
               +--------+--------+--------+--------+--------+-----+--------+

Top non-repeatable levels by time:
     D:7: 1547 daAuts
     D:4: 1427 daAuts
     D:6: 1199 daAuts
     D:5: 1021 daAuts
     D:1: 937 daAuts
   Sewer: 589 daAuts
     D:2: 547 daAuts
     D:8: 516 daAuts
     D:3: 485 daAuts
 Ossuary: 425 daAuts
  Temple: 38 daAuts
